 Dungeon Crawl Stone Soup version 0.27.1 (webtiles) character file.

Game seed: 1974466204702061193

6 ZARRMARR the Grasshopper (level 1, -1/10 HPs)
             Began as a Spriggan Warper on Aug 31, 2021.
             Slain by a ball python (3 damage)
             ... on level 1 of the Dungeon.
             The game lasted 00:01:23 (502 turns).

ZARRMARR the Grasshopper (Spriggan Warper)           Turns: 502, Time: 00:01:23

Health: -1/10      AC:  2    Str:  7    XL:     1   Next: 75%
Magic:  5/5        EV: 15    Int: 14    God:
Gold:   0          SH:  0    Dex: 20    Spells: 5/5 levels left

rFire    . . .     SeeInvis +   a - +0 short sword
rCold    . . .     Faith    .   (shield restricted)
rNeg     . . .     Spirit   .   b - +0 robe
rPois    .         Reflect  .   (helmet restricted)
rElec    .         Harm     .   (no cloak)
rCorr    .         Rampage  .   (gloves unavailable)
Will     .....                  (boots unavailable)
Stlth    ++........             (no amulet)
HPRegen  0.03/turn              e - +6 ring of dexterity
MPRegen  0.09/turn              (no ring)

@: constricted, very quick
A: very small, no large weapons, unfitting armour, see invisible, speed 3
a: no special abilities


You were on level 1 of the Dungeon.
You visited 1 branch of the dungeon, and saw 1 of its levels.

Inventory:

Hand Weapons
 a - a +0 short sword (weapon)
Missiles
 d - 5 boomerangs of dispersal (quivered)
Armour
 b - a +0 robe (worn)
Jewellery
 e - a +6 ring of dexterity (left hand)
Scrolls
 c - a scroll of blinking
Potions
 f - a potion of haste {unknown}


   Skills:
 - Level 1.5 Fighting
 - Level 2.1 Short Blades
 - Level 1.0 Throwing
 + Level 3.3 Dodging
 + Level 2.8 Spellcasting
 + Level 4.8 Translocations


You had 5 spell levels left.
You didn't know any spells.
Your spell library contained the following spells:

 Spells                   Type           Power      Damage    Failure   Level
 Blink                    Tloc           N/A        N/A       4%          2
 Gell's Gravitas          Tloc           7%         N/A       9%          3
 Lesser Beckoning         Tloc           7%         N/A       9%          3
 Teleport Other           Tloc           15%        N/A       9%          3
 Manifold Assault         Tloc           15%        N/A       63%         5


Dungeon Overview and Level Annotations

Branches:
Dungeon (1/15)

Altars:


Innate Abilities, Weirdness & Mutations

You are very small and have problems with some larger weapons.
You are too small for most types of armour.
You have supernaturally acute eyesight. (SInv)
You cover ground extremely quickly. (Speed+++)


Message History

The bat barely misses you.
You closely miss the rat.
The ball python hisses angrily.
You hear an angry hiss.
The bat misses you. The rat completely misses you.
You hit the rat.
The rat is heavily wounded.
The bat misses you. The rat bites you. The bat closely misses you.
You closely miss the rat.
The rat is heavily wounded.
The bat misses you. The bat closely misses you.
A ball python comes into view.
The rat closely misses you.
You hit the rat.
You kill the rat!
The bat closely misses you. The bat completely misses you.
You hit the ball python but do no damage.
The bat hits you but does no damage. The bat closely misses you.
The ball python bites you. The ball python misses you.
You closely miss the ball python. The bat misses you.
The ball python misses you. The ball python completely misses you.
The bat barely misses you.
You hit the ball python.
The ball python is severely wounded.
The bat hits you.
* * * LOW HITPOINT WARNING * * *
The ball python closely misses you. The ball python misses you.
The bat barely misses you. The ball python barely misses you.
The ball python closely misses you.
You hit the ball python.
You kill the ball python!
The bat misses you. The ball python misses you.
The ball python closely misses you.
You hit the ball python but do no damage.
The ball python bites you.
* * * LOW HITPOINT WARNING * * *
The ball python grabs you. The ball python constricts you.
Unknown command.
You completely miss the ball python. The bat barely misses you. x2
The ball python bites you.
You die...

....#.# ....#.#######
##.# ....#.......####..#
............+..#..# #
....#.......##.#..##.#
....#.......##....#..
##.#####..........#
P#.#.###..........#####.
.###..##........@S......
PP.PP..#.......b#.......
####...#####....#.......
...#...#..##............
##.#.b.#..##...#.#######
P#.#PP.#..+...(....
.#.#.P##..######..#
.#.#.###....# ...
##.#####....#


You could see a bat and a ball python.

Vanquished Creatures
  A bat (D:1)
  A ball python (D:1)
  A goblin (D:1)
  3 kobolds (D:1)
  2 rats (D:1)
8 creatures vanquished.

Notes
Turn   | Place    | Note
-------+----------+-------------------------------------------
     0 | D:1      | ZARRMARR the Spriggan Warper began the quest for the Orb.
     0 | D:1      | Reached XP level 1. HP: 10/10 MP: 5/5
   502 | D:1      | Slain by a ball python

Illustrated notes

Levels and vault maps discovered:
D:1:      dpeg_arrival_water_fire, layout_basic, serial_aquarium,
          aquarium_bridge_square [aquarium_subvault_window,
          aquarium_subvault_bridge, aquarium_subvault_bridge,
          aquarium_subvault_window], aquarium_bridge_square
          [aquarium_subvault_balcony, aquarium_subvault_window,
          aquarium_subvault_bridge, aquarium_subvault_bridge],
          aquarium_window_1, aquarium_window_1, aquarium_window_1,
          aquarium_window_3, aquarium_view_2c, aquarium_view_2c,
          aquarium_balcony_3a

Action                   || total
-------------------------++-------
Melee: Short sword       ||    31
Armor: Robe              ||    10
Dodge: Dodged            ||    47
